 Dungeon Crawl Stone Soup version 0.17.1-3-g152610e (webtiles) character file.

815 kaze the Ducker (level 7, -2/70 HPs)
             Began as a Troll Berserker on Feb 29, 2016.
             Was an Elder of Trog.
             Slain by Duvessa
             ... wielding a +0 short sword
              (9 damage)
             ... on level 4 of the Dungeon.
             The game lasted 00:09:29 (3409 turns).

kaze the Ducker (Troll Berserker)                   Turns: 3409, Time: 00:09:29

Health: -2/70      AC:  8    Str: 28    XL:     7   Next: 62%
Magic:  6/6        EV: 11    Int:  3    God:    Trog [****..]
Gold:   176        SH:  0    Dex:  9    Spells: 0 memorised, 6 levels left

rFire  + . .     SeeInvis .     w - +0 spear (pierce)
rCold  . . .     Clarity  .     m - +2 robe {rF+}
rNeg   . . .     SustAt   .     (no shield)
rPois  .         Gourm    +     (helmet restricted)
rElec  .         Spirit   .     f - +0 cloak
rCorr  .         Warding  .     (gloves unavailable)
rMut   .         Stasis   .     (boots unavailable)
MR     ++...                    (no amulet)
Stlth  +.........               (no ring)
                                (no ring)

@: lethally poisoned (-2 -> -2), exhausted, regenerating, slowed, very slow,
very resistant to hostile enchantments, very unstealthy
A: unfitting armour, claws 3, deterioration 2, fast metabolism 3, gourmand,
regeneration 3, shaggy fur 1, tough skin 2
a: Berserk, Trog's Hand, Brothers in Arms, Burn Spellbooks, Renounce Religion


You were on level 4 of the Dungeon.
You worshipped Trog.
Trog was greatly pleased with you.
You were very full.

You visited 1 branch of the dungeon, and saw 4 of its levels.

You collected 176 gold pieces.

Inventory:

Hand Weapons
 w - a +0 spear of piercing (weapon)
Missiles
 v - 5 large rocks (quivered)
Armour
 a - a +0 animal skin
 f - a +0 cloak (worn)
 m - a +2 robe of fire resistance (worn)
Scrolls
 c - 2 scrolls of random uselessness {unknown}
 d - 8 scrolls of identify {unknown}
 e - 2 scrolls of noise {unknown}
 g - a scroll of enchant armour {unknown}
 h - a scroll of remove curse {unknown}
 j - 2 scrolls of fear {unknown}
 k - 2 scrolls of recharging {unknown}
 o - 2 scrolls of teleportation {unknown}
Potions
 r - a potion of heal wounds {unknown}
Books
 x - a book of Battle

   Spells                             Type                      Level
   a - Infusion                       Charms                       1
   b - Shroud of Golubria             Charms/Translocation         2
   c - Song of Slaying                Charms                       2
   d - Spectral Weapon                Hexes/Charms                 3
   e - Regeneration                   Charms/Necromancy            3
   Trog disapproves of the use of such an item.
Comestibles
 b - 4 bread rations
 i - 4 fruits
 l - a beef jerky
 n - 3 meat rations
 p - 6 chunks of flesh
 q - a royal jelly


   Skills:
 + Level 4.0 Fighting
 + Level 0.8 Polearms
 + Level 0.1 Throwing
 + Level 5.5 Dodging
 - Level 0.1 Stealth
 + Level 5.3 Unarmed Combat


You had 6 spell levels left.
You didn't know any spells.

Dungeon Overview and Level Annotations

Branches:
Dungeon (4/15)
 Temple: D:4-7

Altars:
Ru

Annotations:
D:4 Dowan; Duvessa; kaze's ghost, amateur TrBe


Innate Abilities, Weirdness & Mutations

You are too large for most types of armour.
You have claws for hands.
Your metabolism is lightning-fast.
You like to eat raw meat.
You regenerate.
You are covered in fur (AC +1).
You have very tough skin (AC +2).
Your body often deteriorates upon taking damage.


Message History

Duvessa is moderately wounded.
Kaze's ghost swings its fists at you. Duvessa barely misses you.
You hit Duvessa but do no damage.
Duvessa is moderately wounded.
You feel sick. Duvessa hits you but does no damage. Duvessa barely misses you.
You closely miss Duvessa.
Duvessa is moderately wounded.
Duvessa hits you with a short sword.
* * * LOW HITPOINT WARNING * * *
Kaze's ghost hits you.
* * * LOW HITPOINT WARNING * * *
You are more poisoned.
You hit Duvessa.
Duvessa is heavily wounded.
You feel sick. Duvessa hits you with a short sword.
* * * LOW HITPOINT WARNING * * *
Dowan says, "Magic and the sword, together, will defeat you."
Kaze's ghost barely misses you. Duvessa hits you with a short sword!
You die...

#.# ##### #.# #.# #.#
#.# #### # #.# #.. .#
#.#####.## #.#####
#.##.....########.......
#.##.#......W@ee........
#..#.....########..#####
##.##.#.## ..#
#.###.##.#.# ..#
.........#.# ..#
####..####.# #.# #...
... .# ....# ### ##
######


You could see Duvessa, Dowan and kaze's ghost.

Vanquished Creatures
  Sigmund (D:2)
  An ogre (D:3)
  2 gnoll shamans (D:3)
  2 orc wizards (D:4)
  Robin (D:4)
  35 gnolls (D:3)
  3 adders
  2 giant geckos (D:2)
  2 orcs (D:4)
  A ball python (D:2)
  5 giant cockroaches
  12 goblins
  12 hobgoblins
  14 jackals (D:3)
  7 kobolds
  4 bats
  4 giant newts
  5 rats
113 creatures vanquished.

Notes
Turn   | Place    | Note
--------------------------------------------------------------
     0 | D:1      | kaze the Troll Berserker began the quest for the Orb.
     0 | D:1      | Reached XP level 1. HP: 22/22 MP: 0/0
   226 | D:1      | Reached XP level 2. HP: 29/29 MP: 1/1
   697 | D:2      | Reached ** piety under Trog
   822 | D:2      | Noticed Sigmund
   836 | D:2      | Killed Sigmund
   836 | D:2      | Reached skill level 4 in Unarmed Combat
   836 | D:2      | Reached XP level 3. HP: 19/37 MP: 2/2
   836 | D:2      | Reached XP level 4. HP: 23/45 MP: 3/3
   836 | D:2      | Reached XP level 5. HP: 27/53 MP: 4/4
  1443 | D:2      | Found a sacrificial altar of Ru.
  2082 | D:3      | Reached *** piety under Trog
  2088 | D:3      | Reached XP level 6. HP: 20/61 MP: 5/5
  2254 | D:3      | Noticed an ogre
  2262 | D:3      | Killed an ogre
  2287 | D:3      | Reached skill level 5 in Unarmed Combat
  2307 | D:3      | Reached XP level 7. HP: 67/67 MP: 6/6
  2324 | D:3      | Reached skill level 5 in Dodging
  2561 | D:3      | Reached **** piety under Trog
  3147 | D:4      | Gained mutation: Your body sometimes deteriorates upon taking damage. [potion of mutation]
  3147 | D:4      | Gained mutation: You regenerate. [potion of mutation]
  3147 | D:4      | Gained mutation: Your body often deteriorates upon taking damage. [potion of mutation]
  3187 | D:4      | Noticed Robin
  3199 | D:4      | Killed Robin
  3386 | D:4      | Noticed Dowan
  3399 | D:4      | Noticed Duvessa
  3403 | D:4      | HP: 3/70 [Duvessa/short sword (6)]
  3405 | D:4      | Noticed kaze's ghost (amateur TrBe)
  3409 | D:4      | Slain by Duvessa

Action                   |  1- 3 |  4- 6 |  7- 9 || total
-------------------------+-------+-------+-------++-------
Melee: Unarmed           |    50 |   125 |    32 ||   207
       Spear             |       |       |   146 ||   146
Throw: Large rock        |       |     5 |       ||     5
Invok: Berserk           |     1 |     1 |     3 ||     5
       Trog's Hand       |       |       |     1 ||     1
  Use: Potion            |       |       |     5 ||     5
  Eat: Chunk             |    13 |    14 |    14 ||    41
